 Dungeon Crawl Stone Soup version 0.31-a0-365-gcf821cafb2 (webtiles) character file.

Game seed: 11604056438495056837

518 hashsling the Cudgeller (level 7, -4/41 HPs)
             Began as a Gargoyle Fighter on July 27, 2023.
             Killed by divine providence
             ... invoked by an orc priest
              (15 damage)
             ... on level 4 of the Dungeon.
             The game lasted 00:08:32 (3745 turns).

hashsling the Cudgeller (Gargoyle Fighter)          Turns: 3745, Time: 00:08:33

Health: -4/41      AC: 20    Str: 27    XL:     7   Next: 21%
Magic:  7/7        EV:  7    Int:  9    God:
Gold:   58         SH:  9    Dex:  9    Spells: 6/6 levels left

rFire   . . .        j - +1 mace (venom)
rCold   . . .        q - +2 kite shield
rNeg    + . .        u - +2 chain mail {Will+}
rPois   ∞            o - +1 helmet
rElec   +            a - +0 cloak
rCorr   .            (no gloves)
SInv    .            g - +0 pair of boots
Will    +....        (no amulet) Stlth
                     k - +6 ring of strength
HPRegen 0.26/turn    (no ring)
MPRegen 0.10/turn

%: no passive effects
@: no status effects
A: sickness immunity, AC +4, negative energy resistance 1, electricity
resistance, torment resistance 1, petrification resistance
a: no special abilities


You were on level 4 of the Dungeon.
You visited 1 branch of the dungeon, and saw 6 of its levels.

You collected 233 gold pieces.
You spent 175 gold pieces at shops.

Inventory:

Hand Weapons
 j - a +1 mace of venom (weapon)
Missiles
 r - a boomerang of dispersal
Armour
 a - a +0 cloak (worn)
 g - a +0 pair of boots (worn)
 o - a +1 helmet (worn)
 p - a +2 scale mail of cold resistance
 q - a +2 kite shield (worn)
 u - a +2 chain mail of willpower (worn)
Jewellery
 k - a +6 ring of strength (left hand)
Wands
 w - a wand of flame (31)
Scrolls
 b - a scroll of teleportation {unknown}
 d - a scroll of enchant armour {unknown}
 m - 4 scrolls of identify {unknown}
 n - a scroll of vulnerability {unknown}
 t - a scroll of fear {unknown}
 v - a scroll of fog {unknown}
Potions
 c - a potion of heal wounds {unknown}
 e - a potion of resistance {unknown}
 f - a potion of degeneration {unknown}
 h - 2 potions of magic {unknown}
 i - 3 potions of curing {unknown}
 l - a potion of lignification {unknown}
 s - 2 potions of enlightenment {unknown}


   Skills:
 - Level 3.2 Fighting
 + Level 7.7 Maces & Flails
 - Level 3.2 Armour
 - Level 3.2 Shields


You had 6 spell levels left.
You didn't know any spells.
Your spell library contained the following spells:

 Spells                   Type           Power      Damage    Failure   Level
 Sting                    Tmut/Pois      0%         1d3       98%         1
 Blink                    Tloc           0%         N/A       99%         2
 Lesser Beckoning         Tloc           0%         N/A       99%         2
 Momentum Strike          Conj/Tloc      0%         3d8       99%         2
 Poisonous Vapours        Pois/Air       0%         N/A       99%         2
 Gell's Gravitas          Tloc           0%         N/A       100%        3
 Teleport Other           Tloc           0%         N/A       100%        3
 Olgreb's Toxic Radiance  Pois           0%         N/A       100%        4


Dungeon Overview and Level Annotations

Branches:
Dungeon (6/15)
 Temple: D:4-7

Altars:
Elyvilon
Nemelex Xobeh
Qazlal
Vehumet
Zin

Shops:
D:4 [


Innate Abilities, Weirdness & Mutations

You are immune to sickness and miasma.
Your stone body is resilient. (AC +4)
You are immune to poison.
You resist negative energy. (rN+)
You are resistant to electric shocks. (rElec)
You are resistant to unholy torment.
You are immune to petrification.


Message History

The scorpion stings you but does no damage.
You block the endoplasm's attack.
You hit the scorpion but do no damage.
The scorpion looks as sick as possible!
The scorpion is almost dead.
You kill the scorpion!
You block the endoplasm's attack.
You sock the endoplasm!
You kill the endoplasm!
HP restored.
A goblin comes into view. It is wielding a +0 club.
The goblin shouts!
You barely miss the goblin. The goblin barely misses you.
You sock the goblin!
You kill the goblin!
An orc wizard comes into view. It is wielding a +0 dagger.
The orc wizard shouts!
The orc wizard gestures at you while chanting.
The magic dart hits you but does no damage.
An orc priest comes into view. It is wielding a +0 falchion.
The orc priest shouts!
You hear a shout!
A quokka and an endoplasm come into view.
The orc wizard gestures at you while chanting.
The puff of flame hits you!
An orc priest comes into view. It is wielding a +0 club.
The orc priest shouts!
The orc wizard gestures wildly while chanting.
The orc wizard flickers and vanishes!
Deactivating autopickup; reactivate with Ctrl-A.
You hear a shout! x2
The orc priest invokes the aid of Beogh against you.
Beogh smites you!
Something tries to affect you, but you resist.
The endoplasm jiggles.
The orc priest calls down the wrath of Beogh upon you.
Beogh smites you!
* * * LOW HITPOINT WARNING * * *
There is a stone staircase leading up here.
The orc priest calls down the wrath of Beogh upon you.
Beogh smites you!
You die...

#.......#.....#....
#........:##..#....
#........o........
.......J.r.........
#........o.........
#......#...........
#..##..#...........
..................#
. .........@..##...
...##...).†...# ..
...#......###.....
#..#..## .....
........ ....
#...##... ...# #...
##.. ... ... ##..


You could see 2 orc priests, an endoplasm and a quokka.

Vanquished Creatures
  A water moccasin (D:4)
  2 scorpions (D:4)
  3 orc priests (D:3)
  2 jellies
  Crazy Yiuf (D:2)
  Robin (D:2)
  2 adders (D:3)
  A dart slug (D:1)
  7 orcs
  7 endoplasms
  5 giant cockroaches
  4 hobgoblins
  2 jackals (D:1)
  3 quokkas
  6 ball pythons
  4 bats
  6 frilled lizards
  14 goblins
  7 kobolds
  6 rats
84 creatures vanquished.

Vanquished Creatures (others)
  A goblin (D:2)
1 creature vanquished.

Grand Total: 85 creatures vanquished

Notes
Turn   | Place    | Note
-------+----------+-------------------------------------------
     0 | D:1      | hashsling the Gargoyle Fighter began the quest for the Orb.
     0 | D:1      | Reached XP level 1. HP: 14/14 MP: 1/1
   129 | D:1      | Reached XP level 2. HP: 19/19 MP: 2/2
   248 | D:1      | Reached skill level 3 in Maces & Flails
   431 | D:1      | Reached XP level 3. HP: 23/23 MP: 3/3
   843 | D:2      | Found a faded altar of an unknown god.
  1264 | D:2      | Noticed Robin
  1270 | D:2      | Reached skill level 4 in Maces & Flails
  1276 | D:2      | Killed Robin
  1277 | D:2      | Reached XP level 4. HP: 28/28 MP: 4/4
  1447 | D:2      | Found a runed translucent door.
  1448 | D:2      | Noticed Crazy Yiuf
  1765 | D:2      | Killed Crazy Yiuf
  1870 | D:3      | Reached skill level 5 in Maces & Flails
  1870 | D:3      | Reached XP level 5. HP: 18/32 MP: 5/5
  2002 | D:3      | Found a radiant altar of Vehumet.
  2107 | D:3      | Found a white marble altar of Elyvilon.
  2134 | D:3      | You fall into a shaft and drop 2 floors!
  2134 | D:5      | Entered Level 5 of the Dungeon
  2138 | D:5      | Noticed a black bear
  2171 | D:6      | Noticed a steam dragon
  2179 | D:5      | Noticed a black bear
  2210 | D:4      | Reached skill level 6 in Maces & Flails
  2210 | D:4      | Reached XP level 6. HP: 11/37 MP: 6/6
  2307 | D:4      | Found Anempa's Antique Armour Shoppe.
  2314 | D:4      | Bought a runed scale mail for 175 gold pieces
  2360 | D:4      | Noticed a water moccasin
  2379 | D:4      | Killed a water moccasin
  2522 | D:4      | Reached skill level 7 in Maces & Flails
  2701 | D:3      | Reached XP level 7. HP: 28/41 MP: 7/7
  3257 | D:3      | Found a stormy altar of Qazlal.
  3259 | D:3      | Found a glowing silver altar of Zin.
  3396 | D:3      | Found a sparkling altar of Nemelex Xobeh.
  3745 | D:4      | Killed from afar by an orc priest

Illustrated notes

Levels and vault maps discovered:
D:1:      psy_arrival_basics, layout_loops_ring
D:2:      layout_basic, hellmonk_ecumenical_altar_heavens_door,
          nicolae_figureground_pulse, uniq_robin, uniq_crazy_yiuf_cottage
D:3:      layout_basic, minitemple, nemelex_dance_club_becter, vehumet_crystals
D:4:      layout_cave_pools, kennysheep_little_box, serial_shops, shop,
          minmay_pentangle
D:5:      layout_cave_pools, minmay_misc_feat_rows, corexii_leaking_fountain
D:6:      layout_basic, minmay_temple_entry_waves, gammafunk_ghost_stat_death

Skill      XL: |  1  2  3  4  5  6 |
---------------+-------------------+-----
Maces & Flails | 3 4 5 6 7 |  7.7
Fighting       | |  3.2
Armour         | |  3.2
Shields        | |  3.2

Action                     |  1- 3 |  4- 6 |  7- 9 || total
---------------------------+-------+-------+-------++-------
  Melee: Flail             |    19 |       |       ||    19
         Whip              |   128 |    12 |       ||   140
         Mace              |       |    76 |    28 ||   104
    Use: Potion            |       |     1 |       ||     1
 Armour: Scale mail        |    86 |    77 |       ||   163
         Chain mail        |       |     2 |    13 ||    15
  Dodge: Dodged            |    78 |    42 |    10 ||   130
  Block: Buckler           |    31 |    25 |       ||    56
         Kite shield       |       |     3 |    20 ||    23

Table legend: (Time is in decaauts)
 A = Elapsed time spent in this place.
 B = Non-inter-level travel time spent in this place.
 C = Inter-level travel time spent in this place.
 D = Time resting spent in this place.
 E = Time spent auto-exploring this place.
 F = Levels seen in this place.
 G = Mean time per level.
                   A        B        C        D        E       F      G
               +--------+--------+--------+--------+--------+-----+--------+
         Total |   3761 |   3626 |    135 |      0 |   2868 |   6 |  626.8 |
       Dungeon |   3761 |   3626 |    135 |      0 |   2868 |   6 |  626.8 |
               +--------+--------+--------+--------+--------+-----+--------+

Top non-repeatable levels by time:
     D:3: 1351 daAuts
     D:2: 1058 daAuts
     D:1: 807 daAuts
     D:4: 477 daAuts
     D:5: 58 daAuts
     D:6: 7 daAuts
